 Dungeon Crawl Stone Soup version 0.24-a0-441-g27f0392e16 (webtiles) character file.

Game seed: 14017803775546104658

9137 KristoblXynda the Carver (level 11, 0/97 HPs)
             Began as a Yellow Draconian Gladiator on June 19, 2019.
             Was a High Priest of Okawaru.
             Slain by an unseen horror (6 damage)
             ... on level 10 of the Dungeon.
             The game lasted 00:20:43 (12537 turns).

KristoblXynda the Carver (DrGl)                    Turns: 12537, Time: 00:20:44

Health: 0/97       AC: 10    Str: 22    XL:     11   Next: 19%
Magic:  25/25      EV: 16    Int: 11    God:    Okawaru [*****.]
Gold:   214        SH:  0    Dex: 12    Spells: 7/10 levels left

rFire    . . .     SeeInvis .   y - +1 scimitar
rCold    . . .     Gourm    .   (no shield)
rNeg     . . .     Faith    .   (armour unavailable)
rPois    .         Spirit   .   b - +0 hat
rElec    .         Reflect  .   o - scarf {repulsion}
rCorr    +         Harm     .   v - +1 pair of gloves
MR       .....                  t - +0 pair of boots
Stlth    +.........             D - amulet of regeneration
HPRegen  0.66/turn              i - +4 ring of strength
MPRegen  0.19/turn              B - ring of magical power

@: repel missiles
A: spit acid, unfitting armour, cold-blooded, acid resistance, AC +7
a: Breathe Acid, Heroism, Finesse, Renounce Religion


You were on level 10 of the Dungeon.
You worshipped Okawaru.
Okawaru was extremely pleased with you.
You were hungry.

You visited 2 branches of the dungeon, and saw 11 of its levels.

You collected 461 gold pieces.
You spent 247 gold pieces at shops.

Inventory:

Hand Weapons
 y - a +1 scimitar (weapon)
Missiles
 c - 6 throwing nets
 C - 8 silver boomerangs (quivered)
Armour
 b - a +0 hat (worn)
 h - the +0 cloak of the Nexus {Str+3}
   (You bought it in a shop on level 6 of the Dungeon)

   It affects your strength (+3).
 o - a scarf of repulsion (worn)
 t - a +0 pair of boots (worn)
 v - a +1 pair of gloves (worn)
 z - the +2 ratskin cloak {+Rats rPois rN+ Str-1 Int-1 Dex+1}
   (You found it on level 8 of the Dungeon)

   It affects your strength (-1).
   It affects your intelligence (-1).
   It affects your dexterity (+1).
   It protects you from poison.
   It protects you from negative energy.
Jewellery
 i - a +4 ring of strength (left hand)
 B - a ring of magical power (right hand)
 D - an amulet of regeneration (around neck)
Wands
 e - a wand of iceblast (2)
 n - a wand of acid (19)
 q - a wand of disintegration (5)
 E - a wand of paralysis (13)
Scrolls
 j - 4 scrolls of remove curse
 p - 3 scrolls of teleportation
 r - 2 scrolls of vulnerability
 s - 2 scrolls of amnesia
 w - a scroll of magic mapping
Potions
 a - a potion of resistance {unknown}
 f - 2 potions of brilliance
 g - 2 potions of mutation
 k - a potion of lignification
 m - 2 potions of magic
 x - a potion of might {unknown}
 A - 3 potions of flight {unknown}
 F - a potion of invisibility {unknown}
 G - a potion of haste {unknown}
Comestibles
 d - 15 rations
 u - 6 chunks of flesh


   Skills:
 + Level 9.1 Fighting
 + Level 9.8 Long Blades
 - Level 2.0 Throwing
 + Level 7.8 Dodging
 + Level 6.8 Invocations
 + Level 7.3 Evocations


You had 7 spell levels left.
You knew the following spells:

 Your Spells              Type           Power        Failure   Level  Hunger
a - Tukima's Dance        Hex            #.......     71%         3    ####...

Your spell library contained the following spells:

 Spells                   Type           Power        Failure   Level  Hunger
 Beastly Appendage        Tmut           #.....       34%         1    ##.....
 Corona                   Hex            #......      34%         1    ##.....
 Ensorcelled Hibernation  Hex/Ice        #.....       47%         2    ###....
 Sticks to Snakes         Tmut           #.......     47%         2    ###....
 Confuse                  Hex            #.......     71%         3    ####...
 Dazzling Spray           Conj/Hex       #.....       71%         3    ####...
 Spider Form              Tmut/Pois      #.........   71%         3    ####...
 Ice Form                 Ice/Tmut       #.......     98%         4    #####..
 Blade Hands              Tmut           #.........   100%        5    ######.


Dungeon Overview and Level Annotations

Branches:
Dungeon (10/15)            Temple (1/1) D:7            Lair (0/6) D:8
    Orc: D:9-12

Altars:
Ashenzari
Cheibriados
Dithmenos
Elyvilon
Fedhas
Gozag
Hepliaklqana
Kikubaaqudgha
Makhleb
Nemelex Xobeh
Okawaru
Qazlal
Ru
Sif Muna
Trog
Uskayaw
Vehumet
Wu Jian
Xom
Yredelemnul
Zin
The Shining One

Shops:
D:5 }   D:6 [   D:8 *==   D:10 [


Innate Abilities, Weirdness & Mutations

You can spit globs of acid.
Your golden yellow scales are hard. (AC +7)
You cannot fit into any form of body armour.
You are cold-blooded and may be slowed by cold attacks.
You are resistant to acid. (rCorr)


Message History

You see here a ration.
Something hits you!
* * * LOW HITPOINT WARNING * * *
Something hits you.
* * * LOW HITPOINT WARNING * * *
Something hits you but does no damage.
Things that are here:
a +0 long sword; a cursed -3 shortbow; a +0 chain mail You hit something.
Something hits you.
* * * LOW HITPOINT WARNING * * *
Something hits you.
* * * LOW HITPOINT WARNING * * *
Something hits you.
* * * LOW HITPOINT WARNING * * *
You see here a ration.
Evoke which item? (* to show all) (? for menu, Esc to quit)
Aiming: Iceblast
Press: ? - help, Shift-Dir - straight line The mass of ice explodes!
The iceblast engulfs something!
Something hits you.
You die...

#..≈≈≈≈≈..# #..≈≈≈≈≈..#
##..≈≈≈≈≈..#
#..(((≈≈...# #
#...÷..≈≈..# #
#..........##
###.#...(.....##
##..'........).####
...##.........){@.#
#####.....)..####...'...
# #......)## #.##... #
######'.'. .# # #
....#†.. # ###
..#####[.# ..# ..# '##
..# .. # ..####.


There were no monsters in sight!

Vanquished Creatures
  2 two-headed ogres
  2 trolls (D:9)
  A polar bear (D:10)
  A hippogriff (D:7)
  A centaur simulacrum (D:10)
  8 yaks
  Grum (D:9)
  Eustachio (D:5)
  A hungry ghost (D:9)
  A water moccasin (D:10)
  2 black bears
  4 ice beasts
  An eye of draining (D:9)
  6 orc warriors
  2 necrophages
  6 ogres
  A phantom (D:4)
  2 wolves (D:9)
  2 centaurs (D:10)
  A big kobold (D:9)
  4 bullfrogs
  A gnoll sergeant (D:9)
  A wyvern zombie (D:7)
  5 scorpions
  2 electric eels (D:10)
  8 wights
  4 howler monkeys
  2 crimson imps
  A centaur zombie (D:10)
  A bullfrog zombie (D:6)
  2 quasits
  A bullfrog skeleton (D:10)
  10 hounds
  7 orc wizards
  4 orc priests
  Crazy Yiuf (D:6)
  3 centaur skeletons
  3 iguanas
  3 hell rats (D:8)
  3 worker ants
  A hound skeleton (D:10)
  2 worker ant zombies
  11 gnolls
  4 river rats (D:8)
  5 adders
  3 shadow imps
  4 white imps (D:10)
  A worker ant simulacrum (D:10)
  An ufetubus (D:10)
  An ooze (D:4)
  2 adder zombies
  2 worms
  2 dart slugs (D:2)
  5 leopard geckos
  48 orcs
  9 giant cockroaches
  13 goblins
  14 hobgoblins
  21 jackals
  3 quokkas
  A ball python (D:5)
  6 bats
  5 frilled lizards (D:1)
  22 kobolds
  2 leopard gecko skeletons
  A quokka zombie (D:6)
  18 rats
  A fungus (D:6)
320 creatures vanquished.

Vanquished Creatures (collateral kills)
  2 gnolls (D:5)
  A quokka skeleton (D:5)
3 creatures vanquished.

Grand Total: 323 creatures vanquished

Notes
Turn   | Place    | Note
-------+----------+-------------------------------------------
     0 | D:1      | KristoblXynda the Draconian Gladiator began the quest for
                  | the Orb.
     0 | D:1      | Reached XP level 1. HP: 17/17 MP: 1/1
    89 | D:1      | Reached XP level 2. HP: 25/25 MP: 2/2
   496 | D:2      | Reached XP level 3. HP: 29/30 MP: 3/3
   970 | D:2      | Found a glowing golden altar of the Shining One.
  1018 | D:2      | Found a shimmering altar of Xom.
  1481 | D:3      | Reached XP level 4. HP: 37/38 MP: 4/4
  2033 | D:3      | Found a sacrificial altar of Ru.
  2544 | D:4      | Noticed an ogre
  2550 | D:4      | Noticed a phantom
  2551 | D:4      | Killed an ogre
  2551 | D:4      | Reached XP level 5. HP: 46/46 MP: 5/5
  2571 | D:4      | Reached skill level 5 in Long Blades
  2585 | D:4      | Reached XP level 6. HP: 16/52 MP: 6/6
  3040 | D:4      | You fall into a shaft and drop 2 floors!
  3058 | D:6      | Reached skill level 1 in Evocations
  3084 | D:5      | Entered Level 5 of the Dungeon
  3103 | D:5      | Noticed an ice beast
  3121 | D:5      | Killed an ice beast
  3253 | D:5      | Your scales start taking on a golden yellow colour.
  3253 | D:5      | Reached XP level 7. HP: 41/60 MP: 8/8
  3253 | D:5      | Gained mutation: You are resistant to acid. (rCorr) [Yellow
                  | Draconian growth]
  3903 | D:5      | Reached skill level 5 in Fighting
  4069 | D:5      | Reached XP level 8. HP: 30/68 MP: 10/10
  4251 | D:5      | Noticed Eustachio
  4262 | D:5      | Killed Eustachio
  4610 | D:5      | Found Gitolan's Gadget Emporium.
  4763 | D:6      | Reached skill level 5 in Dodging
  4892 | D:6      | Found an iron altar of Okawaru.
  4923 | D:6      | Became a worshipper of Warmaster Okawaru
  5148 | D:6      | Found a stormy altar of Qazlal.
  5214 | D:6      | Reached skill level 1 in Invocations
  5516 | D:6      | Found Soekk's Antique Armour Emporium.
  5623 | D:6      | Bought a dazzling cloak for 247 gold pieces
  5633 | D:6      | Identified the +0 cloak of the Nexus {Str+3} (You bought it
                  | in a shop on level 6 of the Dungeon)
  6428 | D:6      | Found an iron altar of Okawaru.
  6652 | D:6      | Found a runed translucent door.
  6653 | D:6      | Noticed Crazy Yiuf
  6657 | D:6      | Killed Crazy Yiuf
  6735 | D:7      | Reached * piety under Okawaru
  6735 | D:7      | Reached XP level 9. HP: 59/74 MP: 12/12
  7184 | D:7      | Found a staircase to the Ecumenical Temple.
  7197 | Temple   | Entered the Ecumenical Temple
  7985 | D:7      | Reached ** piety under Okawaru
  8138 | D:8      | Identified a scroll of acquirement
  8171 | D:8      | Reached skill level 5 in Evocations
  8337 | D:8      | Found Fiodd's Assorted Antiques.
  8344 | D:8      | Found Wibof's Jewellery Shop.
  8360 | D:8      | Found a staircase to the Lair.
  8379 | D:8      | Learned a level 3 spell: Tukima's Dance
  8408 | D:8      | Found Zoczykh's Jewellery Shoppe.
  8846 | D:8      | Found the +2 ratskin cloak {+Rats rPois rN+ Str-1 Int-1
                  | Dex+1}
  9628 | D:9      | Noticed Grum
  9638 | D:9      | Killed Grum
  9807 | D:9      | Reached *** piety under Okawaru
  9840 | D:9      | Noticed a troll
  9854 | D:9      | Killed a troll
  9854 | D:9      | Received a gift from Okawaru
  9854 | D:9      | Reached XP level 10. HP: 21/86 MP: 14/14
 10224 | D:9      | Reached skill level 5 in Invocations
 10691 | D:9      | Found a glowing silver altar of Zin.
 10692 | D:9      | Noticed an angel
 10816 | D:9      | Reached **** piety under Okawaru
 10836 | D:9      | Found a shadowy altar of Dithmenos.
 11019 | D:9      | Noticed a two-headed ogre
 11028 | D:9      | Killed a two-headed ogre
 11408 | D:10     | Entered Level 10 of the Dungeon
 12084 | D:10     | Reached ***** piety under Okawaru
 12084 | D:10     | Reached XP level 11. HP: 64/95 MP: 16/16
 12403 | D:10     | Found Seresyid's Armour Emporium.
 12494 | D:10     | Noticed a two-headed ogre
 12500 | D:10     | Killed a two-headed ogre
 12500 | D:10     | Received a gift from Okawaru
 12537 | D:10     | Slain by an unseen horror

Levels and vault maps discovered:
D:1:      lightli_arrival_boilingwater, layout_rooms
D:2:      layout_loops_ring, nicolae_overflow_crystal_walls, tso_oasis_becter,
          first_ration, minmay_split_cup_large
D:3:      layout_loops_ring, nicolae_ru_the_path_less_chosen
D:4:      minmay_wonky_spiral, layout_loops_ring
D:5:      layout_gridville, serial_shops, shop, uniq_eustachio
D:6:      corexii_shantytown, layout_basic, overflow_temple_1_default,
          old_standard_altar, serial_shops, nicolae_shop_behind_doors,
          okawaru_metal_pillars_1_2, uniq_crazy_yiuf_cottage
D:7:      lemuel_ice_spiral_2, layout_basic, minmay_temple_entry_sparse_star
D:8:      wander_guarded_unrand_ratskin, layout_cave_pools, dpeg_oklobed_lair,
          serial_shops, shop_statue, nicolae_shop_waterfront, shop,
          chequers_decorated_corner
D:9:      layout_basic, grunt_dithmenos_smoke_and_mirrors, zin_angel,
          grunt_ogre_cave, uniq_grum
D:10:     layout_roguey, serial_shops, nicolae_shop_stone, serial_ice,
          serial_ice_n, serial_ice_b, serial_ice_f, serial_ice_d, serial_ice_j,
          serial_ice_h, serial_ice_m, minmay_joined_circles
Temple:   regret_index_temple_waves

Skill      XL: |  1  2  3  4  5  6  7  8  9 10 11 |
---------------+----------------------------------+-----
Throwing       | 2 |  2.0
Dodging        | 3 4 5 6 7 |  7.8
Fighting       | 3 4 5 6 7 8 9 |  9.1
Long Blades    | 4 5 6 7 8 9 |  9.8
Evocations     | 1 2 4 5 7 |  7.3
Invocations    | 2 4 6 |  6.8

Action                   |  1- 3 |  4- 6 |  7- 9 | 10-12 || total
-------------------------+-------+-------+-------+-------++-------
Melee: Long sword        |   127 |   107 |   284 |       ||   518
       Tailslap          |    19 |    14 |    93 |    41 ||   167
       Great sword       |       |       |    14 |       ||    14
       Scimitar          |       |       |   190 |   221 ||   411
Throw: Boomerang         |       |       |       |     4 ||     4
 Abil: Breathe Acid      |       |       |    14 |    12 ||    26
       Evoke Ratskin     |       |       |     1 |       ||     1
Evoke: Wand              |       |     4 |     9 |     5 ||    18
  Use: Potion            |       |     2 |     1 |     2 ||     5
       Scroll            |       |     3 |    12 |     1 ||    16
 Stab: Sleeping          |       |     2 |     3 |       ||     5
  Eat: Chunk             |     2 |     4 |    13 |     7 ||    26
       Ration            |       |     1 |     3 |     1 ||     5
Armor: Skin              |    44 |    30 |   132 |    96 ||   302
Dodge: Dodged            |   120 |    96 |   423 |   178 ||   817
       Deflected         |       |     1 |     1 |     3 ||     5
       Rpst.: Long sword |    34 |    30 |    71 |       ||   135
       Great sword       |       |       |     5 |       ||     5
       Scimitar          |       |       |    46 |    47 ||    93

Table legend:
 A = Non-vault XP
 B = Vault XP
 C = Vault XP percentage of total XP
 D = Non-vault monster count
 E = Vault monster count
 F = Vault count percentage of total count
                 A         B        C        D         E       F
            +---------+---------+-------+---------+---------+-------
      Total |    9550 |    3504 |  26.8 |     240 |      82 |  25.5
            +---------+---------+-------+---------+---------+-------
        D:1 |      36 |       0 |   0.0 |      26 |       0 |   0.0
        D:2 |      47 |      10 |  17.5 |      17 |       4 |  19.0
        D:3 |      24 |       0 |   0.0 |      11 |       0 |   0.0
        D:4 |     585 |      15 |   2.5 |      23 |       2 |   8.0
        D:5 |     661 |     191 |  22.4 |      37 |       1 |   2.6
        D:6 |     896 |     151 |  14.4 |      22 |      32 |  59.3
        D:7 |    1262 |       0 |   0.0 |      21 |       0 |   0.0
        D:8 |     602 |     166 |  21.6 |      16 |      21 |  56.8
        D:9 |    4379 |     541 |  11.0 |      44 |       4 |   8.3
       D:10 |    1058 |    2430 |  69.7 |      23 |      18 |  43.9
            +---------+---------+-------+---------+---------+-------
